 Dungeon Sprint DCSS version 0.27-a0-1431-gcffa5a9b16 (webtiles) character file.

Game seed: 3175203513441614348

11309 mhtbhm the Sorcerer (level 11, -15/57 HPs)
             Began as a Deep Elf Earth Elementalist on July 2, 2021.
             Was the Champion of Vehumet.
             Demolished by a skeletal warrior (19 damage)
             ... led by a skeletal warrior
             ... in the Dungeon (Sprint VII: "The Pits").
             The game lasted 00:06:50 (3112 turns).

mhtbhm the Sorcerer (Deep Elf Earth Elementalist)   Turns: 3112, Time: 00:06:50

Health: -15/57     AC:  8    Str:  5    XL:     11   Next: 47%
Magic:  22/40      EV: 14    Int: 24    God:    Vehumet [******]
Gold:   0          SH:  0    Dex: 10    Spells: 38/56 levels left

rFire    . . .     SeeInvis .   a - +2 rapier "Pituf" {venom, rC++ Will+ Dex-5}
rCold    + + .     Faith    .   (no shield)
rNeg     . . .     Spirit   .   b - +0 steam dragon scales
rPois    .         Reflect  .   q - +0 helmet
rElec    .         Harm     .   r - +0 cloak
rCorr    .         Rampage  .   (no gloves)
Will     ++...     NoTele   +   s - +0 pair of boots
Stlth    +++.......             (no amulet)
HPRegen  0.19/turn              (no ring)
MPRegen  0.27/turn              (no ring)

@: no status effects
A: no striking features
a: Renounce Religion


You were in the Dungeon.
You worshipped Vehumet.
Vehumet was exalted by your worship.
You visited 1 branch

Inventory:

Hand Weapons
 a - the +2 rapier "Pituf" (weapon) {venom, rC++ Will+ Dex-5}
   (You found it in the Dungeon)

   It poisons the flesh of those it strikes.
   Dex:       It affects your dexterity (-5).
   rC:        It greatly protects you from cold.
   Will:      It increases your willpower.
Missiles
 e - a throwing net
 i - 8 stones
 t - a curare-tipped dart (quivered)
Armour
 b - +0 steam dragon scales (worn)
 q - a +0 helmet (worn)
 r - a +0 cloak (worn)
 s - a +0 pair of boots (worn)
Jewellery
 h - a +3 ring of dexterity
 n - a +3 ring of dexterity
Wands
 m - a wand of digging (4)
Scrolls
 j - 5 scrolls of amnesia
 k - a scroll of summoning
Potions
 c - 7 potions of curing
 d - 9 potions of heal wounds
 f - 3 potions of magic
 g - 5 potions of berserk rage
 l - 2 potions of invisibility
 o - a potion of brilliance
 p - a potion of mutation


   Skills:
 + Level 1.9 Fighting
 + Level 7.4 Dodging
 + Level 6.2 Stealth
 + Level 23.1 Spellcasting
 + Level 0.5 Conjurations
 + Level 1.9 Transmutations
 + Level 19.7 Earth Magic


You had 38 spell levels left.
You knew the following spells:

 Your Spells              Type           Power      Damage    Failure   Level
a - Sandblast             Erth           100%       2d20      0%          1
b - Passwall              Tmut/Erth      56%        N/A       1%          2
c - Stone Arrow           Conj/Erth      100%       3d13      1%          3
d - Lee's Rapid Deconstr  Erth           44%        3d22*     0%          5
e - Petrify               Tmut/Erth      68%        N/A       1%          4
f - Mephitic Cloud        Conj/Pois/Air  28%        N/A       1%          3

Your spell library contained the following spells:

 Spells                   Type           Power      Damage    Failure   Level
 Orb of Destruction       Conj           15%        9d7       90%         7


Dungeon Overview and Level Annotations

Branches:
Dungeon (1/1)

Altars:
Ashenzari
Cheibriados
Dithmenos
Elyvilon
Fedhas
Gozag
Hepliaklqana
Kikubaaqudgha
Makhleb
Nemelex Xobeh
Okawaru
Qazlal
Ru
Sif Muna
Trog
Uskayaw
Vehumet
Wu Jian
Xom
Yredelemnul
Zin
The Shining One
Beogh
Jiyva
Lugonu


Message History

Unknown command.
Unknown command.
Casting: Lee's Rapid Deconstruction (safe; 0% risk of failure)
Confirm with . or Enter, or press ? or * to list all spells.
Aiming: Lee's Rapid Deconstruction (safe; 0% risk of failure)
Press: ? - help, Dir - move target, f - skeletal warrior Fragment what (e.g. wall or brittle monster)?: a skeletal warrior, wielding a +0 glaive The skeletal warrior shatters!!!
The skeletal warrior is severely damaged.
Unknown command.
Unknown command.
Casting: Lee's Rapid Deconstruction (safe; 0% risk of failure)
Confirm with . or Enter, or press ? or * to list all spells.
Aiming: Lee's Rapid Deconstruction (safe; 0% risk of failure)
Press: ? - help, Dir - move target, f/p - skeletal warrior Fragment what (e.g. wall or brittle monster)?: a skeletal warrior, wielding a +0 glaive (severely damaged)
The skeletal warrior shatters!!!
You blow up the skeletal warrior!
Vehumet accepts your kill.
You feel your power returning.
Your Spellcasting skill increases to level 23!
Unknown command.
You see here a +0 halberd.
You see here a +0 glaive.
There is an open door here.
A skeletal warrior comes into view. It is wielding a +0 glaive.
You hit the skeletal warrior.
The skeletal warrior is lightly damaged.
The skeletal warrior hits you but does no damage.
You hit the skeletal warrior but do no damage.
The skeletal warrior is lightly damaged.
The skeletal warrior closely misses you.
You barely miss the skeletal warrior.
The skeletal warrior is lightly damaged.
The skeletal warrior hits you with a +0 glaive!!
* * * LOW HITPOINT WARNING * * *
You barely miss the skeletal warrior.
The skeletal warrior is lightly damaged.
The skeletal warrior hits you with a +0 glaive!!
You die...

##########'##.....
#.?..')))'.##.....
##########.##.....
#.......)...'.....
#'#####'#####.....
#.#..#.....##.....
#.#))#####'#####'#
#z#))#.....##.....
#@#))#.....##.....
#.#[[###)####.....
#.##'#.....##...<.
#.#........##.....
#.#........##.....
#'###########.....
#.......#.. ######
#..#.#..#.########
#)##.##.#.#....#..


You could see a skeletal warrior.

Vanquished Creatures
  A hydra (D)
  A boulder beetle (D)
  An alligator snapping turtle (D)
  A death yak (D)
  2 skeletal warriors (D)
  2 deep elf pyromancers (D)
  A manticore (D)
  2 elephants (D)
  A black mamba (D)
  An unseen horror (D)
  A rime drake (D)
  An efreet (D)
  2 ice devils (D)
  A merfolk (D)
  A tyrant leech (D)
  A hornet (D)
  3 blink frogs (D)
  2 redbacks (D)
  2 spriggans (D)
  A fire bat (D)
  2 wyverns (D)
  A chaos spawn (D)
  A steam dragon (D)
  Edmund (D)
  A warg (D)
  Menkaure (D)
  2 acid dragons (D)
  A floating eye (D)
  An orc warrior (D)
  A sky beast (D)
  A necrophage (D)
  2 kobold brigands (D)
  An earth elemental (D)
  5 killer bees (D)
  5 wights (D)
  An orc priest (D)
  2 iron imps (D)
  2 mummies (D)
  An adder (D)
  2 gnolls (D)
  2 ufetubi (D)
  An adder zombie (D)
  2 adder skeletons (D)
  2 ball pythons (D)
  A hobgoblin (D)
  4 jackals (D)
  A quokka (D)
  A bat (D)
  A rat (D)
77 creatures vanquished.

Notes
Turn   | Place    | Note
-------+----------+-------------------------------------------
     0 | D        | mhtbhm the Deep Elf Earth Elementalist began the quest for
                  | the Orb.
     0 | D        | Reached XP level 1. HP: 10/10 MP: 6/6
    44 | D        | Found a bloodstained altar of Trog.
    44 | D        | Found a shimmering blue altar of Sif Muna.
    44 | D        | Found a viscous altar of Jiyva.
    44 | D        | Found a hazy altar of Hepliaklqana.
    44 | D        | Found an opulent altar of Gozag.
    45 | D        | Found a glowing golden altar of the Shining One.
    45 | D        | Found a glowing silver altar of Zin.
    45 | D        | Found a basalt altar of Yredelemnul.
    45 | D        | Found a shimmering altar of Xom.
    45 | D        | Found an ornate altar of the Wu Jian Council.
    45 | D        | Found a sacrificial altar of Ru.
    45 | D        | Found a stormy altar of Qazlal.
    45 | D        | Found an iron altar of Okawaru.
    45 | D        | Found a sparkling altar of Nemelex Xobeh.
    45 | D        | Found a burning altar of Makhleb.
    45 | D        | Found a blossoming altar of Fedhas.
    45 | D        | Found a white marble altar of Elyvilon.
    45 | D        | Found a shadowy altar of Dithmenos.
    45 | D        | Found a snail-covered altar of Cheibriados.
    47 | D        | Found a radiant altar of Vehumet.
    47 | D        | Found a corrupted altar of Lugonu.
    48 | D        | Found a hide-covered altar of Uskayaw.
    48 | D        | Found an ancient bone altar of Kikubaaqudgha.
    48 | D        | Found a broken altar of Ashenzari.
    55 | D        | Became a worshipper of Vehumet
   113 | D        | Reached skill level 5 in Earth Magic
   113 | D        | Reached XP level 2. HP: 15/15 MP: 5/8
   142 | D        | Learned a level 2 spell: Passwall
   146 | D        | Noticed a floating eye
   148 | D        | Killed a floating eye
   148 | D        | Reached * piety under Vehumet
   148 | D        | Offered knowledge of Foxfire by Vehumet.
   149 | D        | Reached skill level 6 in Spellcasting
   149 | D        | Reached XP level 3. HP: 19/19 MP: 9/13
   149 | D        | Reached XP level 4. HP: 24/24 MP: 9/14
   153 | D        | Learned a level 3 spell: Stone Arrow
   206 | D        | Reached ** piety under Vehumet
   210 | D        | Reached skill level 7 in Spellcasting
   385 | D        | Offered knowledge of Freeze by Vehumet.
   386 | D        | Reached XP level 5. HP: 28/28 MP: 12/16
   392 | D        | Learned a level 5 spell: Lee's Rapid Deconstruction
   397 | D        | Learned a level 4 spell: Petrify
   604 | D        | Offered knowledge of Mephitic Cloud by Vehumet.
   604 | D        | Reached *** piety under Vehumet
   621 | D        | Learned a level 3 spell: Mephitic Cloud
   638 | D        | Noticed Menkaure
   639 | D        | Killed Menkaure
   639 | D        | Offered knowledge of Frozen Ramparts by Vehumet.
   639 | D        | Noticed Edmund
   640 | D        | Reached skill level 5 in Dodging
   640 | D        | Reached skill level 9 in Spellcasting
   640 | D        | Reached skill level 10 in Earth Magic
   640 | D        | Reached XP level 6. HP: 32/32 MP: 13/20
   641 | D        | Reached skill level 5 in Stealth
   641 | D        | Reached skill level 10 in Spellcasting
   673 | D        | Killed Edmund
   673 | D        | Reached **** piety under Vehumet
   674 | D        | Reached skill level 11 in Spellcasting
   817 | D        | Offered knowledge of Dazzling Flash by Vehumet.
   841 | D        | Noticed a five-headed hydra
   845 | D        | Killed a five-headed hydra
   846 | D        | Reached skill level 1 in Fighting
   846 | D        | Reached skill level 14 in Spellcasting
   846 | D        | Reached XP level 7. HP: 38/38 MP: 9/26
   846 | D        | Reached XP level 8. HP: 43/43 MP: 9/28
  1085 | D        | Reached ***** piety under Vehumet
  1085 | D        | Offered knowledge of Fireball by Vehumet.
  1250 | D        | Reached skill level 15 in Spellcasting
  1331 | D        | Got the +2 rapier "Pituf" {venom, rC++ Will+ Dex-5}
  1397 | D        | Noticed a merfolk
  1400 | D        | Killed a merfolk
  1401 | D        | Reached skill level 16 in Spellcasting
  1401 | D        | Reached XP level 9. HP: 47/47 MP: 19/31
  1440 | D        | Noticed an ice devil
  1442 | D        | Killed an ice devil
  1442 | D        | Offered knowledge of Irradiate by Vehumet.
  1443 | D        | Reached skill level 15 in Earth Magic
  1453 | D        | Reached skill level 17 in Spellcasting
  1456 | D        | Noticed an efreet
  1587 | D        | Noticed a death yak
  1591 | D        | Killed a death yak
  1592 | D        | Reached skill level 18 in Spellcasting
  1669 | D        | Noticed a rime drake
  1671 | D        | Killed a rime drake
  1852 | D        | Killed an efreet
  1853 | D        | Reached XP level 10. HP: 31/52 MP: 26/34
  1966 | D        | Offered knowledge of Iron Shot by Vehumet.
  1968 | D        | Reached skill level 19 in Spellcasting
  1975 | D        | Noticed an alligator snapping turtle
  2208 | D        | Offered knowledge of Iskenderun's Battlesphere by Vehumet.
  2362 | D        | Noticed a deep elf pyromancer
  2362 | D        | Noticed an elephant
  2365 | D        | Killed a deep elf pyromancer
  2366 | D        | Reached skill level 20 in Spellcasting
  2367 | D        | Killed an elephant
  2367 | D        | Reached ****** piety under Vehumet
  2409 | D        | Offered knowledge of Ozocubu's Refrigeration by Vehumet.
  2503 | D        | Killed an alligator snapping turtle
  2517 | D        | Noticed a boulder beetle
  2564 | D        | Reached skill level 21 in Spellcasting
  2810 | D        | Killed a boulder beetle
  2991 | D        | Noticed an elephant
  2992 | D        | Noticed a black mamba
  2993 | D        | Noticed a manticore
  2994 | D        | Killed a black mamba
  2994 | D        | Noticed a deep elf pyromancer
  2995 | D        | Reached XP level 11. HP: 56/56 MP: 28/38
  2996 | D        | Killed a deep elf pyromancer
  2997 | D        | Offered knowledge of Orb of Destruction by Vehumet.
  2998 | D        | Reached skill level 22 in Spellcasting
  3026 | D        | Noticed a skeletal warrior
  3092 | D        | Noticed a skeletal warrior
  3095 | D        | Killed a skeletal warrior
  3097 | D        | Killed a skeletal warrior
  3098 | D        | Reached skill level 23 in Spellcasting
  3105 | D        | Noticed a skeletal warrior
  3112 | D        | Demolished by a skeletal warrior

Illustrated notes

Levels and vault maps discovered:
D:        pitsprint [storerooms_1, entrance_room_1, metal_vault_8, armoury_1,
          mini_pit_1, grid_room_1, main_hall_1, silver_pit, the_coven_3,
          the_vestibule_1, steel_vault_1, golden_pit, hallway_of_sentries,
          crystal_vault_2, iron_vault_1, final_vault]

Skill      XL: |  1  2  3  4  5  6  7  8  9 10 11 |
---------------+----------------------------------+-----
Earth Magic    | 5 8 9 10 13 14 16 18 19 | 19.7
Dodging        | 4 5 6 7 |  7.4
Stealth        | 4 5 6 |  6.2
Spellcasting   | 6 7 9 14 16 18 21 23 | 23.1
Fighting       | 1 |  1.9
Conjurations   | |  0.5
Transmutations | |  1.9

Action                   |  1- 3 |  4- 6 |  7- 9 | 10-12 || total
-------------------------+-------+-------+-------+-------++-------
Melee: Dagger            |       |     4 |       |       ||     4
       Rapier            |       |       |       |     4 ||     4
 Cast: Sandblast         |     7 |    15 |       |    10 ||    32
       Stone Arrow       |       |     2 |       |     3 ||     5
       Lee's Rapid Decon |       |     8 |    24 |    49 ||    81
       Petrify           |       |       |       |     2 ||     2
  Use: Potion            |       |     2 |       |     3 ||     5
       Scroll            |       |     1 |       |       ||     1
Armor: Robe              |     1 |     1 |       |       ||     2
       Steam dragon scal |       |       |       |     4 ||     4
Dodge: Dodged            |     1 |    14 |     1 |     7 ||    23

Table legend: (Time is in decaauts)
 A = Elapsed time spent in this place.
 B = Non-inter-level travel time spent in this place.
 C = Inter-level travel time spent in this place.
 D = Time resting spent in this place.
 E = Time spent auto-exploring this place.
 F = Levels seen in this place.
 G = Mean time per level.
                   A        B        C        D        E       F      G
               +--------+--------+--------+--------+--------+-----+--------+
         Total |   3095 |   3095 |      0 |   2328 |     50 |   1 | 3095.0 |
       Dungeon |   3095 |   3095 |      0 |   2328 |     50 |   1 | 3095.0 |
               +--------+--------+--------+--------+--------+-----+--------+

Top non-repeatable levels by time:
       D: 3095 daAuts
